 Dungeon Sprint DCSS version 0.22-a0-351-g29664b4 (webtiles) character file.

279 Kairos the Fighter (level 6, -4/93 HPs)
             Began as a Hill Orc Fighter on Apr 12, 2018.
             Slain by a slime creature (12 damage)
             ... in the Dungeon (Sprint I: "Red Sonja").
             The game lasted 00:00:43 (356 turns).

Kairos the Fighter (Hill Orc Fighter)                Turns: 356, Time: 00:00:43

Health: -4/93      AC:  7    Str: 26    XL:     6   Next: 26%
Magic:  6/6        EV:  9    Int:  8    God:
Gold:   108        SH: 11    Dex: 10    Spells: 5/5 levels left

rFire    . . .     SeeInvis .   a - +0 war axe
rCold    + . .     Gourm    .   c - +0 shield
rNeg     . . .     Faith    .   m - +1 ring mail {rC+}
rPois    .         Spirit   .   (no helmet)
rElec    .         Reflect  .   (no cloak)
rCorr    .         Harm     .   (no gloves)
MR       .....     NoTele   +   (no boots)
Stlth    ..........             (no amulet)
HPRegen  0.25/turn              (no ring)
MPRegen  0.10/turn              (no ring)

@: berserking, very quick
A: no striking features
a: no special abilities


You were in the Dungeon.
You were not hungry.

You visited 1 branch You collected 108 gold pieces.

Inventory:

Hand Weapons
 a - a +0 war axe (weapon)
Armour
 b - a +0 scale mail
 c - a +0 shield (worn)
 m - a +1 ring mail of cold resistance (worn)
Wands
 l - a wand of random effects (24)
Scrolls
 k - a scroll of blinking
Potions
 d - a potion of might
 e - a potion of curing
 h - a potion of haste
 i - 2 potions of magic
Comestibles
 f - a ration


   Skills:
 + Level 8.6 Fighting
 + Level 8.3 Axes
 + Level 7.3 Armour
 + Level 1.1 Dodging
 + Level 7.8 Shields


You had 5 spell levels left.
You didn't know any spells.

Dungeon Overview and Level Annotations

Branches:
Dungeon (1/1)

Altars:
Makhleb
Xom
Jiyva
Lugonu


Message History

You slash the slime creature!
The slime creature is moderately wounded.
The slime creature hits you!
* * * LOW HITPOINT WARNING * * *
You barely miss the slime creature.
The slime creature is moderately wounded.
You block the slime creature's attack.
Unknown command.
You feel much better. You block the slime creature's attack.
You hit the slime creature but do no damage.
The slime creature is moderately wounded.
The slime creature hits you!
* * * LOW HITPOINT WARNING * * *
You slash the slime creature!
The slime creature is heavily wounded.
The slime creature hits you!
* * * LOW HITPOINT WARNING * * *
A red film seems to cover your vision as you go berserk!
You feel yourself moving faster!
You feel mighty! The slime creature hits you!
You die...

###################
#<.#..').#..'..#__#
#..').#..').#..@J.+
#..#####+#####+#__#
#..# ### #..# #..#
#⌠⌠# ####


You could see a slime creature.

Vanquished Creatures
  Sigmund (D)
  An ogre (D)
  Ijyb (D)
3 creatures vanquished.

Notes
Turn   | Place    | Note
-------+----------+-------------------------------------------
     0 | D        | Kairos the Hill Orc Fighter began the quest for the Orb.
     0 | D        | Reached XP level 1. HP: 19/19 MP: 1/1
     2 | D        | Noticed Ijyb
    14 | D        | Killed Ijyb
    14 | D        | Reached skill level 5 in Fighting
    14 | D        | Reached XP level 2. HP: 29/29 MP: 2/2
    14 | D        | Reached XP level 3. HP: 36/36 MP: 3/3
   193 | D        | Noticed an ogre
   199 | D        | Killed an ogre
   199 | D        | Reached skill level 5 in Axes
   199 | D        | Reached XP level 4. HP: 45/45 MP: 4/4
   202 | D        | Noticed Sigmund
   211 | D        | Killed Sigmund
   211 | D        | Reached skill level 1 in Dodging
   211 | D        | Reached XP level 5. HP: 38/56 MP: 5/5
   211 | D        | Reached XP level 6. HP: 42/62 MP: 6/6
   344 | D        | Found a burning altar of Makhleb.
   344 | D        | Found a viscous altar of Jiyva.
   344 | D        | Found a shimmering altar of Xom.
   344 | D        | Found a corrupted altar of Lugonu.
   344 | D        | Noticed a slime creature
   356 | D        | Slain by a slime creature

Vault maps used:
D:        dungeon_sprint_1

Skill      XL: |  1  2  3  4 |
---------------+-------------+-----
Fighting       | 5 6 8 |  8.6
Axes           | 3 5 8 |  8.3
Armour         | 4 6 7 |  7.3
Shields        | 4 6 7 |  7.8
Dodging        | 1 |  1.1

Action                   |  1- 3 |  4- 6 || total
-------------------------+-------+-------++-------
Melee: War axe           |    17 |    17 ||    34
  Use: Potion            |       |     2 ||     2
Armor: Scale mail        |     5 |       ||     5
       Ring mail         |       |     1 ||     1
Dodge: Dodged            |     3 |     3 ||     6
Block: Shield            |     9 |     5 ||    14

Table legend:
 A = Spawn XP
 B = Non-spawn XP
 C = Spawn XP percentage of total XP
 D = Spawn monster count
 E = Non-spawn monster count
 F = Spawn count percentage of total count
 G = Total turns spent on level
                    A         B        C        D         E        F      G
               +---------+---------+-------+---------+---------+-------+---------
         Total |       0 |     399 |   0.0 |       0 |       3 |   0.0 |   356
               +---------+---------+-------+---------+---------+-------+---------
             D |       0 |     399 |   0.0 |       0 |       3 |   0.0 |   356
               +---------+---------+-------+---------+---------+-------+---------
